cohdb
Replays
Latest Replays
All Replays
Popular Replays
Top Player Replays
Match Explorer
How It Works
Community
CoH3 Stats
Reddit
Sign in to upload your games and track your stats! →
Sign in with Steam
Match 42308832
Unlisted
Match 42308832
Overview
Messages
Build Orders
End
Panzergrenadier Squad
Selects Battlefield Espionage Battlegroup
Kradschützen Motorcycle Team
Panzergrenadier Squad
Construct Light Support Kompanie
Selects 250/3 Funkpanzerwagen
250/3 Funkpanzerwagen
MG34 Team
Selects Intel Disruption Beacon
2.5-tonne Medical Truck
Assault Mechanized Group
Fire Support Elements
Combat Half-tracks
Flakvierling Half-track
Selects Plunder
Veteran Squad Leaders
Pak 38 Anti-tank Gun Team
Panzerjäger Mechanized Group
2.5-tonne Medical Truck
Vehicle Survival Package
Construct Panzerarmee Kommand
Selects Anti-Tank Incendiary Munitions
Selects Disruption Operation
Disruption Operation
Panzer III L Medium Tank
Panzer III L Medium Tank
Emergency Repair Kits
Rapid Advance
Selects Operation Skorpion
Disruption Operation
Tungsten Core Ammunition
Walking Stuka Rocket Launcher
Armored Reserves
Advanced Field Repairs
Advanced Optics
Panzer IV Assault Group
Disruption Operation
Dunce Gollum
Mustache and Melons
tank
Andrax
0
0
Comments
sign in to comment!
No comments posted yet!